Map: Frozen Temple

Players

UnCameleon

  • Race: Terran Terran
  • League: Master

Miszu - Winner!

  • Race: Terran Terran
  • League: Master

VOD

Have the link to the VOD?

Description

Time

  • Played on: July 3, 2016, 10:21 a.m.
  • Length: 5:52
Show
View Real Time Build Order
Export as new Build Order

UnCameleon Terran 

Build Orders: 1/1/1, Hellion Opening 

Get SALT Encoding   

  12  0:01  SCV  
  13  0:13  SCV  
  14  0:17  Supply Depot  
  14  0:26  SCV  
  15  0:29  Refinery  
  15  0:41  Barracks  
  15  0:50  SCV  
  15  0:51  Refinery  
  16  1:04  SCV  
  17  1:19  SCV  
  18  1:30  Factory  
  18  1:31  Orbital Command  
  18  1:37  Barracks Reactor  
  18  1:44  Supply Depot  
  18  1:58  SCV  
  19  2:13  SCV  
  20  2:16  Starport  
  20  2:20  Hellion  
  22  2:24  Hellion  
  22  2:25  Reaper  
  24  2:34  Supply Depot  
  24  2:52  Medivac  
  24  2:54  Hellion x2  
  30  2:58  Barracks Reactor  
  30  3:11  Armory  
  30  3:16  Hellion  
  30  3:18  Hellion  
  31  3:37  Hellion  
  31  3:40  Hellion  
  35  3:44  Supply Depot  
  35  3:45  Medivac  
  37  3:51  Medivac  
  39  4:06  SCV  
  40  4:10  Marine  
  41  4:17  Viking  
  40  4:28  Marine  
  38  5:15  Viking  
Show
View Real Time Build Order
Export as new Build Order

Miszu Terran - Winner!

Build Orders: 1/1/1, Liberator Opening 

Get SALT Encoding   

  12  0:00  SCV  
  13  0:13  SCV  
  14  0:17  Supply Depot  
  14  0:25  SCV  
  15  0:33  Refinery  
  15  0:39  SCV  
  16  0:45  Barracks  
  16  0:51  SCV  
  16  0:54  Refinery  
  17  1:03  SCV  
  18  1:15  SCV  
  19  1:27  SCV  
  19  1:32  Factory  
  20  1:36  Reaper  
  21  1:40  Orbital Command  
  21  1:49  Supply Depot  
  21  2:06  SCV  
  21  2:08  Reaper  
  23  2:16  Hellion  
  23  2:19  Starport  
  23  2:21  SCV  
  26  2:33  SCV  
  27  2:38  Hellion  
  27  2:40  Reaper  
  27  2:41  Supply Depot  
  30  2:46  Liberator  
  30  2:53  SCV  
  31  3:03  Hellion  
  36  3:12  Barracks Reactor  
  36  3:37  Factory Tech Lab  
  36  3:38  Command Center, SCV  
  36  3:39  Supply Depot  
  37  3:46  Starport Tech Lab  
  37  3:51  SCV  
  37  3:52  Marine  
  39  4:01  Marine, Siege Tank  
  43  4:04  Raven  
  43  4:05  SCV  
  43  4:06  Supply Depot  
  46  4:18  SCV  
  47  4:28  Marine x2  
  49  4:33  Siege Tank  
  49  4:35  Barracks  
  49  4:37  Barracks  
  52  4:41  SCV  
  53  4:47  Viking  
  53  4:51  Marine x2  
  54  5:06  Orbital Command  
  54  5:07  Bunker  
  54  5:10  Supply Depot  
  54  5:13  Siege Tank  
  57  5:15  Marine  
  57  5:17  Marine  
Tags
 
Add a new tag
Caveats
  • Supply blocks, unpowered buildings, or Contaminate may cause inaccurate times.
  • Supply counts are checked every 10 seconds.